 Dungeon Crawl Stone Soup version 0.32-a0-666-ge8a88695a4 (webtiles) character file.

Game seed: 8198339506494140755

83 dialectric the Poker (level 4, -3/34 HPs)
             Began as a Coglin Gladiator on Mar 9, 2024.
             Killed from afar by Ijyb (9 damage)
             ... with a puff of flame
             ... on level 3 of the Dungeon.
             The game lasted 00:01:56 (1982 turns).

dialectric the Poker (Coglin Gladiator)             Turns: 1982, Time: 00:01:57

Health: -3/34      AC:  4    Str: 16    XL:     4   Next: 44%
Magic:  4/4        EV: 13    Int:  7    God:
Gold:   116        SH:  0    Dex: 16    Spells: 3/3 levels left

rFire   . . .        a - +0 trident {Ekveer}
rCold   . . .        l - +1 short sword (protect) {Ajinder}
rNeg    . . .        b - +0 leather armour
rPois   .            c - +0 helmet
rElec   .            (no cloak)
rCorr   .            (no gloves)
SInv    .            (no boots)
Will    +....        (amulet unavailable)
Stlth   +            (ring unavailable)
HPRegen 0.25/turn    (ring unavailable)
MPRegen 0.09/turn    (no gizmo)

%: no passive effects
@: enlightened, flying, revved
A: off-hand wielding, slow wielding, warmup strikes, no jewellery
a: Invent Gizmo


You were on level 3 of the Dungeon.
You visited 1 branch of the dungeon, and saw 3 of its levels.

You collected 116 gold pieces.

Inventory:

Hand Weapons
 a - a +0 trident (weapon) {Ekveer}
 f - a +0 dagger {Necuametl}
 l - a +1 short sword of protection (offhand) {Ajinder}
Missiles
 d - 3 throwing nets (quivered)
 e - a javelin
Armour
 b - a +0 leather armour (worn)
 c - a +0 helmet (worn)
Scrolls
 g - a scroll of immolation {unknown}
 h - 4 scrolls of teleportation {unknown}
 i - a scroll of acquirement {unknown}
 k - a scroll of blinking {unknown}
 n - a scroll of fog {unknown}
 o - a scroll of identify {unknown}
 p - a scroll of vulnerability {unknown}
 q - a scroll of enchant weapon {unknown}


   Skills:
 + Level 2.8 Fighting
 + Level 3.2 Polearms
 + Level 2.5 Throwing
 + Level 3.2 Dodging


You had 3 spell levels left.
You didn't know any spells.
Your spell library contained the following spells:

 Spells                   Type           Power      Damage    Failure   Level
 Frozen Ramparts          Ice            0%         1d1       86%         3
 Leda's Liquefaction      Alch/Erth      0%         N/A       99%         4
 Petrify                  Alch/Erth      0%         N/A       99%         4
 Metabolic Englaciation   Hex/Ice        0%         N/A       100%        5
 Sculpt Simulacrum        Ice/Alch       0%         N/A       100%        6
 Ozocubu's Refrigeration  Ice            0%         4d7       100%        7
 Polar Vortex             Ice            0%         N/A       100%        9


Dungeon Overview and Level Annotations

Branches:
Dungeon (3/15)

Altars:
Elyvilon
Xom

Annotations:
D:3 Ijyb, Sigmund


Innate Abilities, Weirdness & Mutations

You can wield a second weapon in your off-hand.
It takes a long time for you to wield or remove held weapons.
Your first few attacks do less damage.
You cannot equip rings or amulets.


Message History

You closely miss Ijyb with your +1 short sword of protection.
Ijyb closely misses you.
You hit Ijyb but do no damage.
Ijyb is moderately wounded.
You completely miss Ijyb with your +1 short sword of protection.
Ijyb hits you with a +0 club.
You barely miss Ijyb with your +0 trident.
Ijyb is moderately wounded.
You closely miss Ijyb with your +1 short sword of protection.
Ijyb misses you.
You hit Ijyb with your +0 trident.
Ijyb is heavily wounded.
You completely miss Ijyb with your +1 short sword of protection.
Ijyb hits you with a +0 club.
You barely miss Ijyb with your +1 short sword of protection.
Ijyb is heavily wounded.
You hit Ijyb but do no damage. Ijyb misses you. Ijyb hits you with a +0 club.
You closely miss Ijyb with your +1 short sword of protection.
Ijyb is heavily wounded.
You hit Ijyb with your +0 trident. Ijyb hits you with a +0 club.
You closely miss Ijyb with your +1 short sword of protection.
Ijyb is severely wounded.
You barely miss Ijyb with your +0 trident.
Ijyb zaps a wand.
The puff of flame hits you!
You are too injured to fight recklessly!
You are too injured to fight recklessly!
You are too injured to fight recklessly!
You are too injured to fight recklessly!
You are too injured to fight recklessly!
You are too injured to fight recklessly!
You are too injured to fight recklessly!
Unknown command.
It was a potion of cancellation.
You feel magically purged. Ijyb hits you with a +0 club.
* * * LOW HITPOINT WARNING * * *
It was a potion of enlightenment.
You feel very buoyant.
You fly up into the air.
Ijyb zaps a wand.
The puff of flame hits you!
You die...
Ijyb moans, "Good help so hard to find!"

#####...###.....#
#........##.#.#.#
#...........#.#.#
#...........#.#.#
#.##...#.......#
##.##....#..# #
#.####.....####.
#.###.###.#
#..##.#....
#....Jg@..#
#..##...###
#####.#####
#..##...... #
######..##..#.#.
♣♣ ..
..........^.#.#.
.P. .
.######.....#...
♣♣.♣♣ .
#..#######
♣♣P.P♣♣.P
#.....#...
♣P.b.P♣.♣
##.#.#.#.#.
..._...P
#..#.#.#.#.


You could see Ijyb and an endoplasm.

Vanquished Creatures
  Jessica (D:2)
  A gnoll (D:1)
  An adder (D:2)
  An orc (D:3)
  3 bats
  2 endoplasms
  2 giant cockroaches
  A goblin (D:1)
  5 hobgoblins
  A quokka (D:1)
  3 ball pythons
  6 frilled lizards
  2 kobolds (D:1)
  10 rats
39 creatures vanquished.

Notes
Turn   | Place    | Note
-------+----------+-------------------------------------------
     0 | D:1      | dialectric the Coglin Gladiator began the quest for the
                  | Orb.
     0 | D:1      | Reached XP level 1. HP: 16/16 MP: 1/1
   145 | D:1      | Found a faded altar of an unknown god.
   370 | D:1      | Reached XP level 2. HP: 22/22 MP: 2/2
   501 | D:1      | Reached XP level 3. HP: 21/28 MP: 3/3
  1223 | D:2      | Found a shimmering altar of Xom.
  1232 | D:2      | Noticed Jessica
  1259 | D:2      | Killed Jessica
  1260 | D:2      | Reached XP level 4. HP: 19/34 MP: 4/4
  1753 | D:3      | Found a white marble altar of Elyvilon.
  1753 | D:3      | Noticed Sigmund
  1968 | D:3      | Noticed Ijyb
  1982 | D:3      | Killed from afar by Ijyb

Illustrated notes

Levels and vault maps discovered:
D:1:      dpeg_arrival_circle_labyrinth_c, layout_basic,
          hellmonk_ecumenical_altar_run_dry
D:2:      layout_rooms, basic_altar, uniq_jessica
D:3:      layout_loops_ring, nicolae_elyvilon_peaceful_grove, uniq_sigmund,
          uniq_ijyb

Skill      XL: |  1  2 |
---------------+-------+-----
Throwing       | 2 |  2.5
Polearms       | 3 |  3.2
Dodging        | 3 |  3.2
Fighting       | |  2.8

Action                     |  1- 3 |  4- 6 || total
---------------------------+-------+-------++-------
  Melee: Trident           |    72 |    26 ||    98
         Dagger            |    20 |       ||    20
         Short sword       |    26 |    25 ||    51
    Use: Potion            |       |     2 ||     2
   Stab: Sleeping          |     3 |       ||     3
 Armour: Leather armour    |    21 |    15 ||    36
  Dodge: Dodged            |    23 |    15 ||    38

Table legend: (Time is in decaauts)
 A = Elapsed time spent in this place.
 B = Non-inter-level travel time spent in this place.
 C = Inter-level travel time spent in this place.
 D = Time resting spent in this place.
 E = Time spent auto-exploring this place.
 F = Levels seen in this place.
 G = Mean time per level.
                   A        B        C        D        E       F      G
               +--------+--------+--------+--------+--------+-----+--------+
         Total |   1990 |   1826 |    164 |     51 |   1396 |   3 |  663.3 |
       Dungeon |   1990 |   1826 |    164 |     51 |   1396 |   3 |  663.3 |
               +--------+--------+--------+--------+--------+-----+--------+

Top non-repeatable levels by time:
     D:1: 1139 daAuts
     D:2: 563 daAuts
     D:3: 287 daAuts
